 Dungeon Crawl Stone Soup version 0.22-b1-26-g9dbaab1112 (webtiles) character file.

935 Pisosu the Shield-Bearer (level 7, -1/61 HPs)
             Began as a Minotaur Fighter on Aug 9, 2018.
             Slain by an iguana (4 damage)
             ... on level 5 of the Dungeon.
             The game lasted 00:09:04 (4269 turns).

Pisosu the Shield-Bearer (Minotaur Fighter)         Turns: 4269, Time: 00:09:04

Health: -1/61      AC:  7    Str: 27    XL:     7   Next: 87%
Magic:  6/6        EV:  7    Int:  5    God:
Gold:   236        SH: 17    Dex: 10    Spells: 6/6 levels left

rFire    + . .     SeeInvis .   a - +0 flail
rCold    . . .     Gourm    .   k - +0 large shield
rNeg     . . .     Faith    .   t - +0 ring mail {rC+}
rPois    .         Spirit   .   (helmet restricted)
rElec    .         Reflect  .   u - +0 cloak
rCorr    .         Harm     .   (no gloves)
MR       .....     Rnd*Tele +   (no boots)
Stlth    ..........             (no amulet)
HPRegen  0.20/turn              v - ring of teleportation (curse)
MPRegen  0.10/turn              s - ring of fire

@: mighty
A: retaliatory headbutt, horns 2
a: no special abilities


You were on level 5 of the Dungeon.
You were not hungry.

You visited 1 branch of the dungeon, and saw 5 of its levels.

You collected 236 gold pieces.

Inventory:

Hand Weapons
 a - a +0 flail (weapon)
Armour
 k - a +0 large shield (worn)
 t - a +0 ring mail of cold resistance (worn)
 u - a +0 cloak (worn)
Jewellery
 j - an uncursed ring of protection from cold
 s - a ring of fire (right hand)
 v - a cursed ring of teleportation (left hand)
Scrolls
 b - a scroll of identify {unknown}
 c - a scroll of random uselessness {unknown}
 e - 4 scrolls of teleportation {unknown}
 g - 2 scrolls of amnesia {unknown}
 o - a scroll of fear {unknown}
 p - 3 scrolls of remove curse {unknown}
 q - 2 scrolls of magic mapping {unknown}
 r - 2 scrolls of blinking {unknown}
Potions
 h - 4 potions of haste {unknown}
 i - 3 potions of mutation {unknown}
 l - a potion of brilliance {unknown}
 m - a potion of degeneration {unknown}
 n - a potion of cancellation {unknown}
 w - a potion of flight {unknown}
 x - 2 potions of heal wounds {unknown}
Comestibles
 f - 7 rations
 z - 8 chunks of flesh


   Skills:
 + Level 5.3 Fighting
 + Level 5.7 Maces & Flails
 + Level 6.1 Armour
 + Level 7.9 Shields


You had 6 spell levels left.
You didn't know any spells.
Your spell library was empty.

Dungeon Overview and Level Annotations

Branches:
Dungeon (5/15)
 Temple: D:4-7

Altars:
Yredelemnul


Innate Abilities, Weirdness & Mutations

You reflexively headbutt those who attack you in melee.
You have a pair of horns on your head.


Message History

You closely miss the worker ant. You headbutt the worker ant.
The worker ant is heavily wounded.
You block the worker ant's attack.
You closely miss the worker ant. Your headbutt misses the worker ant.
The worker ant is heavily wounded.
You block the worker ant's attack. The iguana barely misses you.
The worker ant bites you but does no damage.
The iguana barely misses you.
You hit the iguana.
The iguana is moderately wounded.
You block the worker ant's attack. You block the iguana's attack.
The worker ant bites you.
* * * LOW HITPOINT WARNING * * *
You sock the worker ant!
You kill the worker ant!
The iguana bites you but does no damage.
You closely miss the iguana.
The iguana is moderately wounded.
The iguana bites you.
You die...

#..............!#
#...
................#
#...
#...............#
#.P.
#...............##
#...
#................#
#...
#...............#
#...
#..............#
#...
#.#...((ol....#
#... #######@#####
#... ### #... #...
#... ####


You could see an iguana and an orc.

Vanquished Creatures
  Eustachio (D:4)
  A phantom (D:4)
  The ghost of rvm the Chopper, an amateur DDFi of Makhleb (D:4)
  3 ogres
  A quasit (D:5)
  A jelly (D:3)
  A centaur skeleton (D:4)
  2 worker ants (D:5)
  A worker ant zombie (D:5)
  6 adders
  5 gnolls
  A shadow imp (D:5)
  An ooze (D:3)
  2 worms
  2 dart slugs (D:1)
  2 leopard geckos
  5 orcs
  2 ball pythons
  2 giant cockroaches
  10 goblins
  7 hobgoblins
  17 jackals
  2 quokkas
  8 bats
  5 frilled lizards
  4 kobolds
  A leopard gecko zombie (D:4)
  2 quokka skeletons
  4 rats
100 creatures vanquished.

Notes
Turn   | Place    | Note
-------+----------+-------------------------------------------
     0 | D:1      | Pisosu the Minotaur Fighter began the quest for the Orb.
     0 | D:1      | Reached XP level 1. HP: 19/19 MP: 0/0
    85 | D:1      | Reached XP level 2. HP: 22/27 MP: 1/1
   365 | D:1      | Reached skill level 4 in Shields
   670 | D:1      | Reached XP level 3. HP: 33/33 MP: 2/2
   970 | D:2      | Found a faded altar of an unknown god.
  1446 | D:3      | Reached XP level 4. HP: 15/41 MP: 3/3
  1899 | D:3      | Found a basalt altar of Yredelemnul.
  2209 | D:4      | Reached XP level 5. HP: 30/47 MP: 4/4
  2480 | D:4      | Reached skill level 5 in Shields
  2530 | D:4      | Noticed a phantom
  2552 | D:4      | Killed a phantom
  2552 | D:4      | Reached skill level 5 in Armour
  2575 | D:4      | Noticed Eustachio
  2575 | D:4      | Noticed an ogre
  2693 | D:3      | Killed an ogre
  2693 | D:3      | Reached XP level 6. HP: 54/55 MP: 5/5
  2770 | D:3      | Reached skill level 6 in Shields
  3015 | D:4      | Killed Eustachio
  3015 | D:4      | Reached skill level 5 in Fighting
  3015 | D:4      | Reached skill level 5 in Maces & Flails
  3015 | D:4      | Reached XP level 7. HP: 54/61 MP: 6/6
  3154 | D:4      | Found a runed gate.
  3154 | D:4      | Found a runed gate.
  3155 | D:4      | Found a runed gate.
  3157 | D:4      | Noticed rvm's ghost (amateur DDFi)
  3175 | D:4      | Killed rvm's ghost
  3175 | D:4      | Reached skill level 7 in Shields
  3761 | D:5      | Entered Level 5 of the Dungeon
  4249 | D:5      | HP: 2/61 [orc priest/divine providence (15)]
  4267 | D:5      | HP: 2/61 [worker ant (3)]
  4269 | D:5      | Slain by an iguana

Skill      XL: |  1  2  3  4  5  6  7 |
---------------+----------------------+-----
Armour         | 4 5 6 |  6.1
Shields        | 4 5 6 7 |  7.9
Fighting       | 4 5 |  5.3
Maces & Flails | 3 4 5 |  5.7

Action                   |  1- 3 |  4- 6 |  7- 9 || total
-------------------------+-------+-------+-------++-------
Melee: Flail             |   111 |   117 |   128 ||   356
       Headbutt          |    11 |    25 |    19 ||    55
  Use: Potion            |       |       |     1 ||     1
  Eat: Chunk             |     2 |     5 |     4 ||    11
Armor: Scale mail        |    51 |       |       ||    51
       Ring mail         |     1 |    83 |    62 ||   146
Dodge: Dodged            |    40 |    50 |    47 ||   137
Block: Shield            |    62 |       |       ||    62
       Large shield      |     2 |   150 |   151 ||   303
